 Dungeon Crawl Stone Soup version 0.20-b1-24-gb21faa7 (webtiles) character file.

36979 ihor1010 the Severer (level 13, -1/175 HPs)
             Began as a Deep Dwarf Fighter on May 25, 2017.
             Was the Champion of Ru.
             Shot with an arrow by a centaur warrior (4 damage)
             ... on level 15 of the Dungeon.
             The game lasted 02:02:20 (14170 turns).

ihor1010 the Severer (Deep Dwarf Fighter)          Turns: 14170, Time: 02:02:21

Health: -1/175     AC: 21    Str: 30 (33) XL:     13   Next: 55%
Magic:  8/12       EV:  8    Int:  9      God:    Ru [******]
Gold:   714        SH: 22    Dex: 11 (12) Spells: 12/12 levels left

rFire    . . .     SeeInvis .   A - +4 flail (pain)
rCold    . . .     Gourm    .   C - +2 large shield {AC+3}
rNeg     . . .     Faith    .   X - +8 ring mail of Spite {MR+ Regen+ Int+2}
rPois    .         Spirit   .   (helmet restricted)
rElec    .         Reflect  .   R - scarf {cloud immunity}
rCorr    .         Harm     .   x - +0 pair of gloves
MR       +++..                  D - +0 pair of boots
Stlth    ..........             H - amulet of rage
Regen    0.0/turn               b - ring of protection from cold
MPRegen  0.2/turn               U - +3 ring of strength

@: berserking (expiring), exhausted, starving, non-regenerating, drained, very
quick
A: damage resistance, heal wounds, horns 1, dopey 1, fire resistance 1, low mp
1, magic resistance 1, sense surroundings 2, screaming 1, inability to read
while threatened, hated by all, no conjurations magic, no hexes magic, no ice
magic, MP-powered wands, temperature sensitive, sturdy frame 1, no regeneration
a: Heal Wounds, Draw Out Power, Power Leap, Apocalypse, Renounce Religion, Evoke
Berserk Rage


You were on level 15 of the Dungeon.
You worshipped Ru.
Ru was exalted by your worship.
You were starving.

You visited 1 branch of the dungeon, and saw 15 of its levels.
You also visited: Labyrinth and Ossuary.

You collected 1007 gold pieces.
You spent 293 gold pieces at shops.

Inventory:

Hand Weapons
 a - a +4 scimitar of flaming
 m - the +1 short sword "Dragonbane" {speed, rF+ SInv}
   (You found it on level 9 of the Dungeon)

   Attacks with this weapon are significantly faster.
   It protects you from fire.
   It lets you see invisible.
 A - a +4 flail of pain (weapon)
 Z - a +0 broad axe
Missiles
 l - 357 stones (quivered)
Armour
 t - a +2 large shield
 x - a +0 pair of gloves (worn)
 C - a +2 large shield of protection (worn)
 D - a +0 pair of boots (worn)
 F - a +5 plate armour
 J - +0 ice dragon scales
 R - a scarf of cloud immunity (worn)
 X - the +8 ring mail of Spite (worn) {MR+ Regen+ Int+2}
   (You found it on level 7 of the Dungeon)

   It affects your intelligence (+2).
   It affects your resistance to hostile enchantments.
   It increases your rate of regeneration.
Jewellery
 b - a ring of protection from cold (left hand)
 r - an uncursed amulet of the gourmand
 B - an uncursed ring of fire
 H - an amulet of rage (around neck)
 U - a +3 ring of strength (right hand)
Wands
 c - a wand of confusion (24/48)
 i - a wand of iceblast (7/15)
 j - a wand of flame (12/48)
 s - a wand of iceblast (8/15)
 v - a wand of disintegration (16/24)
 G - a wand of flame (34/48)
 I - a wand of random effects (21/48)
 K - a wand of polymorph (13/24)
 Q - a wand of polymorph (17/24)
 T - a wand of digging (8/24)
Scrolls
 e - 9 scrolls of teleportation
 n - 4 scrolls of amnesia
 q - 9 scrolls of remove curse
 u - 5 scrolls of identify
 y - 3 scrolls of magic mapping
 L - a scroll of recharging
 M - 5 scrolls of enchant weapon
 W - a scroll of silence
Potions
 d - 2 potions of might
 g - 2 potions of lignification
 h - a potion of cancellation
 k - 2 potions of heal wounds
 p - 2 potions of berserk rage
 w - 4 potions of curing
 E - 2 potions of invisibility
 V - 3 potions of flight
 Y - 4 potions of haste
Books
 N - a book of Transfigurations

   Spells                             Type                      Level
   a - Irradiate                      Conjuration/Transmutation    5
   b - Statue Form                    Transmutation/Earth          6
   c - Hydra Form                     Transmutation                6
   d - Dragon Form                    Transmutation                7
 S - a book of Misfortune

   Spells                             Type                      Level
   a - Confusing Touch                Hexes                        1
   b - Confuse                        Hexes                        3
   c - Gell's Gravitas                Translocation                3
   d - Petrify                        Transmutation/Earth          4
   e - Metabolic Englaciation         Hexes/Ice                    5
   f - Yara's Violent Unravelling     Hexes/Transmutation          5
Comestibles
 f - 12 bread rations
 o - 7 fruits
 z - 7 meat rations
 P - 9 royal jellies


   Skills:
 + Level 8.1(7.7) Fighting
 - Level 16.1(15.9) Axes
 + Level 5.8(11.0) Maces & Flails
 * Level 10.3(9.9) Armour
 + Level 12.4(11.9) Shields
 + Level 5.1(4.7) Evocations


You had 12 spell levels left.
You didn't know any spells.

Dungeon Overview and Level Annotations

Branches:
Dungeon (15/15)            Temple (0/1) D:6            Lair (0/6) D:9
    Orc (0/2) D:11         Vaults (0/5) D:13
 Depths: D:15

Altars:
Cheibriados
Dithmenos
Elyvilon
Hepliaklqana
Makhleb
Okawaru
Qazlal
Ru
Xom

Shops:
D:6 (   D:12 [[:

Annotations:
D:5 Prince Ribbit
D:12 1 exclusion
D:15 exclusion: Roxanne, Roxanne


Innate Abilities, Weirdness & Mutations

You are resistant to damage.
You can heal yourself by infusing magical energy.
You passively map the area around you.
You cannot read scrolls while threatened.
You are hated by all.
You cannot study or cast Conjurations magic.
You cannot study or cast Hexes magic.
You cannot study or cast Ice magic.
You are sensitive to extremes of temperature. (rF-, rC-)
You do not regenerate.
You have a pair of small horns on your head.
You are dopey. (Int -2)
Your flesh is heat resistant. (rF+)
Your magical capacity is low. (-10% MP)
You are resistant to hostile enchantments. (MR+)
You occasionally shout uncontrollably at your foes.
You expend magic power (3 MP) to strengthen your wands.
Your movements are slightly less encumbered by armour. (ER -2)


Message History

The wolf spider is severely wounded.
You can read scrolls again.
The wolf spider is no longer paralysed.
The wolf spider is stunned by your will and fails to attack.
You sock the wolf spider! You headbutt the wolf spider!
The wolf spider is almost dead.
You block the wolf spider's attack. The wolf spider barely misses you.
You block the hungry ghost's attack.
A deep elf mage comes into view. It is wielding a dagger.
You hit the wolf spider.
You kill the wolf spider!
You feel your intelligence returning.
The centaur warrior wields a longbow.
The centaur warrior shoots an arrow.
You block the arrow. You block the hungry ghost's attack.
You closely miss the hungry ghost. Your headbutt misses the hungry ghost.
The hungry ghost is severely damaged.
You hit the hungry ghost. You headbutt the hungry ghost!
The hungry ghost is almost destroyed.
The centaur warrior shoots an arrow.
The arrow hits you!
You die...

,
*.###....#.#.###.##
**, ,
,#........[......#.#
,
..#.####..###......#
*,** * *,..
#..####...### , ..,
, #.........# , . *,
#.#####...# , ,, ,,
, #.# #.c.# , * * ,
, ..# #.†.######. ,
, ,
#######W@†.......
,,* * * ,,
................,,
,* ***,
...#######...e.. , .
,,,*.....# , , ,
###... * *, , ..8 *
** .. * * , ,* , * ,
,, ,


You could see a centaur warrior, a deep elf mage and a hungry ghost.

Vanquished Creatures
  A minotaur (Lab)
  A catoblepas (D:14)
  An ogre mage (D:14)
  A hydra (D:13)
  Erica (D:8)
  4 centaur warriors (D:13)
  2 dancing weapons (D:13)
  4 two-headed ogres
  Sonja (D:14)
  The ghost of FakerFangirl the Basher, a novice DrFi of Cheibriados (D:8)
  A fire crab (shapeshifter) (D:14)
  An unseen horror (D:14)
  Pikel (D:5)
  A wolf spider (D:15)
  9 ugly things
  A wolf spider zombie (D:14)
  A manticore (D:12)
  An eye of devastation (shapeshifter) (D:13)
  5 gargoyles
  A kobold demonologist (D:14)
  The ghost of Caillou112 the Slinger, a novice HaHu (D:5)
  An efreet (D:13)
  A yaktaur (shapeshifter) (D:10)
  A red devil (D:14)
  2 trolls
  Grinder (D:6)
  2 hornets
  2 minotaur skeletons (Lab)
  6 slime creatures
  5 hippogriffs
  Sigmund (D:3)
  A centaur simulacrum (D:14)
  4 hogs (D:7)
  16 yaks
  Eustachio (D:6)
  A human (D:7)
  3 wyverns
  A fire bat (D:13)
  A basilisk (shapeshifter) (D:9)
  3 hungry ghosts
  4 vampire mosquitoes (D:15)
  2 soldier ants (D:14)
  Duvessa (D:4)
  2 water moccasins
  3 black bears
  3 ice beasts
  10 orc warriors
  2 phantoms
  3 sky beasts
  An ogre (D:6)
  4 boggarts (D:14)
  An eye of draining (D:14)
  The ghost of Iflex the Poker, an amateur MfGl (D:3)
  8 centaurs
  2 necrophages
  12 bullfrogs
  3 big kobolds
  An earth elemental (Lab)
  A water moccasin zombie (D:9)
  3 wyvern skeletons
  10 scorpions
  Dowan (D:4)
  3 killer bees (D:3)
  3 crimson imps
  5 centaur zombies
  5 orc priests
  8 hounds
  2 centaur skeletons
  A human zombie (Ossuary)
  7 jellies
  9 orc wizards
  A bullfrog skeleton (D:5)
  5 iguanas
  Natasha (twice) (D:4)
  15 worker ants
  A big kobold zombie (Ossuary)
  3 mummies (Ossuary)
  2 worker ant zombies
  7 adders
  5 gnolls
  A scorpion zombie (Ossuary)
  3 shadow imps
  3 oozes
  3 worms
  3 dart slugs
  A leopard gecko (D:7)
  61 orcs
  12 bats
  6 giant cockroaches
  A gnoll zombie (Ossuary)
  5 goblins
  7 hobgoblins
  5 jackals
  14 kobolds
  2 quokkas
  10 frilled lizards
  4 goblin zombies (Ossuary)
  6 hobgoblin zombies
  A jackal skeleton (D:6)
  2 kobold zombies
  A leopard gecko skeleton (D:4)
  A leopard gecko zombie (D:8)
  3 orc zombies (Ossuary)
  7 rats
  A rat zombie (D:4)
418 creatures vanquished.

Vanquished Creatures (others)
  An unseen horror (D:13)
  A centaur zombie (D:14)
  A water moccasin (D:7)
  A slave (D:5)
  A boggart (D:14)
  A bullfrog (D:12)
  A water moccasin zombie (D:5)
  An orc wizard (D:5)
8 creatures vanquished.

Grand Total: 426 creatures vanquished

Notes
Turn   | Place    | Note
-------+----------+-------------------------------------------
     0 | D:1      | ihor1010 the Deep Dwarf Fighter began the quest for the Orb.
     0 | D:1      | Reached XP level 1. HP: 20/20 MP: 1/1
   151 | D:1      | Reached XP level 2. HP: 17/27 MP: 2/2
   532 | D:1      | Reached XP level 3. HP: 13/34 MP: 3/3
   623 | D:2      | Noticed an air elemental
   625 | D:2      | Found a stormy altar of Qazlal.
   641 | D:2      | Noticed a fire elemental
   642 | D:2      | Noticed a water elemental
   642 | D:2      | Noticed an earth elemental
   941 | D:2      | Reached skill level 3 in Axes
   978 | D:2      | Found a snail-covered altar of Cheibriados.
  1552 | D:2      | Found a sacrificial altar of Ru.
  1561 | D:2      | Became a worshipper of Ru the Awakened
  1706 | D:3      | Reached XP level 4. HP: 37/42 MP: 4/4
  1713 | D:3      | Noticed Sigmund
  1733 | D:3      | Killed Sigmund
  1733 | D:3      | Reached skill level 5 in Axes
  1733 | D:3      | Reached XP level 5. HP: 23/49 MP: 5/5
  1762 | D:3      | Found a faded altar of an unknown god.
  1937 | D:3      | Noticed Iflex's ghost (amateur MfGl)
  1972 | D:3      | Killed Iflex's ghost
  1972 | D:3      | Reached XP level 6. HP: 32/56 MP: 5/5
  2204 | D:3      | Reached skill level 6 in Axes
  2776 | D:4      | Reached skill level 5 in Shields
  2791 | D:4      | Reached XP level 7. HP: 41/63 MP: 6/6
  2812 | D:4      | Found a sand-covered staircase.
  2815 | D:4      | Noticed Natasha
  2821 | D:4      | Killed Natasha
  2844 | D:4      | Gained mutation: You cannot study or cast Ice magic. [Ru sacrifice]
  2844 | D:4      | Gained mutation: You cannot study or cast Hexes magic. [Ru sacrifice]
  2844 | D:4      | Gained mutation: You cannot study or cast Conjurations magic. [Ru sacrifice]
  2844 | D:4      | Reached * piety under Ru
  2905 | D:4      | Noticed Dowan
  2908 | D:4      | Noticed Duvessa
  2922 | D:4      | Killed Dowan
  2943 | D:4      | Killed Duvessa
  2943 | D:4      | Reached skill level 7 in Axes
  3296 | D:4      | Noticed Natasha
  3317 | D:4      | Killed Natasha
  3326 | Ossuary  | Entered an ossuary
  3392 | Ossuary  | Reached skill level 1 in Evocations
  3400 | Ossuary  | Reached XP level 8. HP: 54/72 MP: 6/6
  3426 | Ossuary  | Reached skill level 8 in Axes
  3616 | Ossuary  | Reached skill level 9 in Axes
  3643 | Ossuary  | Gained mutation: You are dopey. (Int -2) [potion of mutation]
  3643 | Ossuary  | Gained mutation: You have a pair of small horns on your head. [potion of mutation]
  3901 | D:5      | Entered Level 5 of the Dungeon
  3901 | D:5      | Noticed Caillou112's ghost (novice HaHu)
  3918 | D:5      | Killed Caillou112's ghost
  4211 | D:5      | Noticed Pikel
  4257 | D:5      | Killed Pikel
  4257 | D:5      | Reached skill level 10 in Axes
  4257 | D:5      | Gained mutation: You passively map the area around you. [Deep Dwarf growth]
  4257 | D:5      | Reached XP level 9. HP: 39/79 MP: 8/10
  4468 | D:5      | Noticed Prince Ribbit
  4825 | D:6      | Noticed Eustachio
  4839 | D:6      | Killed Eustachio
  4839 | D:6      | Reached skill level 11 in Axes
  4900 | D:6      | Found Ekkiets's Weapon Boutique.
  4915 | D:6      | Gained mutation: You cannot read scrolls while threatened. [Ru sacrifice]
  4915 | D:6      | Reached ** piety under Ru
  4935 | D:6      | Found a staircase to the Ecumenical Temple.
  4960 | D:6      | Noticed a two-headed ogre
  4962 | D:6      | Found a hazy altar of Hepliaklqana.
  4990 | D:6      | Killed a two-headed ogre
  4990 | D:6      | Reached skill level 5 in Armour
  5234 | D:6      | Found a burning altar of Makhleb.
  5259 | D:6      | Reached skill level 5 in Fighting
  5304 | D:6      | Found a white marble altar of Elyvilon.
  5362 | D:6      | Found a shadowy altar of Dithmenos.
  5382 | D:6      | Noticed Grinder
  5385 | D:6      | Paralysed by Grinder for 7 turns
  5397 | D:6      | Killed Grinder
  5397 | D:6      | Reached skill level 12 in Axes
  5397 | D:6      | Reached XP level 10. HP: 53/88 MP: 10/10
  5916 | D:7      | Got a scorched ring mail
  5917 | D:7      | Identified the +8 ring mail of Spite {MR+ Regen+ Int+2} (You found it on level 7 of the Dungeon)
  6001 | D:7      | Found a glowing silver altar of Zin.
  6018 | D:7      | Found a basalt altar of Yredelemnul.
  6018 | D:7      | Found a hide-covered altar of Uskayaw.
  6025 | D:7      | Found a white marble altar of Elyvilon.
  6025 | D:7      | Found a shimmering altar of Xom.
  6025 | D:7      | Found a hazy altar of Hepliaklqana.
  6133 | D:8      | Found an iron altar of Okawaru.
  6156 | D:8      | Reached skill level 13 in Axes
  6361 | D:8      | Gained mutation: You are sensitive to extremes of temperature. (rF-, rC-) [Ru sacrifice]
  6361 | D:8      | Reached *** piety under Ru
  6361 | D:8      | Reached **** piety under Ru
  6361 | D:8      | Reached ***** piety under Ru
  6367 | D:8      | Noticed Erica
  6377 | D:8      | Killed Erica
  6410 | D:8      | Noticed FakerFangirl's ghost (novice DrFi)
  6431 | D:8      | Killed FakerFangirl's ghost
  7019 | D:8      | Reached XP level 11. HP: 96/96 MP: 11/11
  7087 | D:9      | Reached skill level 14 in Axes
  7346 | D:9      | Got a brightly glowing short sword
  7347 | D:9      | Identified the cursed +1 short sword "Dragonbane" {speed, rF+ SInv} (You found it on level 9 of the Dungeon)
  7464 | D:9      | Found a staircase to the Lair.
  7479 | D:9      | Noticed a two-headed ogre
  7508 | D:9      | Killed a two-headed ogre
  7808 | D:10     | Entered Level 10 of the Dungeon
  7857 | D:10     | Gained mutation: You are hated by all. [Ru sacrifice]
  7857 | D:10     | Reached ****** piety under Ru
  7969 | D:10     | Gained mutation: Your flesh is heat resistant. (rF+) [mutagenic meat]
  7970 | D:10     | Gained mutation: Your magical capacity is low. (-10% MP) [mutagenic meat]
  8109 | D:10     | Found a shimmering altar of Xom.
  8451 | D:11     | Noticed a cyan ugly thing
  8466 | D:11     | Killed a cyan ugly thing
  8658 | D:11     | Found a staircase to the Orcish Mines.
  8731 | D:11     | Reached skill level 15 in Axes
  8795 | D:11     | Found a snail-covered altar of Cheibriados.
  8815 | D:11     | Found a labyrinth entrance.
  8874 | Lab      | Entered a labyrinth
  8962 | Lab      | Reached skill level 10 in Shields
  9483 | Lab      | Reached XP level 12. HP: 61/106 MP: 10/10
  9504 | Lab      | Noticed a minotaur
  9515 | Lab      | Killed a minotaur
 10164 | Lab      | Paralysed by fainting for 10 turns
 10181 | Lab      | Paralysed by fainting for 8 turns
 10458 | Lab      | Paralysed by fainting for 6 turns
 10465 | Lab      | Paralysed by fainting for 8 turns
 10752 | D:11     | Paralysed by fainting for 6 turns
 11005 | D:12     | Noticed a two-headed ogre
 11010 | D:12     | Killed a two-headed ogre
 11196 | D:12     | Found Rexuz's Antique Armour Emporium.
 11199 | D:12     | Bought a runed large shield for 172 gold pieces
 11297 | D:12     | Found Xuacs's Antique Armour Shoppe.
 11305 | D:12     | Bought a pair of gloves for 121 gold pieces
 11390 | D:12     | Found Bewol's Book Shoppe.
 11783 | D:13     | Found a gate to the Vaults.
 11819 | D:13     | Noticed a centaur warrior
 11830 | D:13     | Killed a centaur warrior
 11863 | D:13     | Noticed a two-headed ogre
 11868 | D:13     | Noticed a centaur warrior
 11875 | D:13     | Killed a two-headed ogre
 11875 | D:13     | Reached skill level 16 in Axes
 11875 | D:13     | Reached skill level 5 in Evocations
 11880 | D:13     | Killed a centaur warrior
 12119 | D:13     | Noticed a centaur warrior
 12133 | D:13     | Killed a centaur warrior
 12259 | D:13     | Reached skill level 1 in Maces & Flails
 12403 | D:13     | Noticed a four-headed hydra
 12410 | D:13     | Killed a one-headed hydra
 12507 | D:13     | Noticed a centaur warrior
 12516 | D:13     | Killed a centaur warrior
 12516 | D:13     | Reached XP level 13. HP: 76/117 MP: 12/12
 12877 | D:14     | Noticed Sonja
 12890 | D:14     | Killed Sonja
 13018 | D:14     | Gained mutation: You expend magic power (3 MP) to strengthen your wands. [mutagenic meat]
 13059 | D:14     | Found a burning altar of Makhleb.
 13066 | D:14     | Reached skill level 10 in Armour
 13386 | D:14     | Paralysed by fainting for 12 turns
 13493 | D:14     | Reached skill level 5 in Maces & Flails
 13497 | D:14     | Gained mutation: Your movements are slightly less encumbered by armour. (ER -2) [mutagenic meat]
 13500 | D:14     | Gained mutation: You possess an exceptional clarity of mind. [mutagenic meat]
 13501 | D:14     | Gained mutation: You are resistant to hostile enchantments. (MR+) [mutagenic meat]
 13504 | D:14     | Lost mutation: You possess an exceptional clarity of mind. [mutagenic meat]
 13505 | D:14     | Gained mutation: You occasionally shout uncontrollably at your foes. [mutagenic meat]
 13789 | D:14     | HP: 4/117 [ogre mage/bolt of lightning (38)]
 14057 | D:15     | Entered Level 15 of the Dungeon
 14151 | D:15     | Noticed Roxanne
 14158 | D:15     | HP: 3/175 [wolf spider (10)]
 14170 | D:15     | Shot with an arrow by a centaur warrior

Skill      XL: |  1  2  3  4  5  6  7  8  9 10 11 12 13 |
---------------+----------------------------------------+-----
Fighting       | 3 4 5 6 7 8 |  8.1
Axes           | 3 5 6 7 10 12 13 15 16 | 16.1
Armour         | 4 5 6 7 9 10 | 10.3
Shields        | 4 5 6 7 8 10 11 12 | 12.4
Evocations     | 1 4 5 |  5.1
Maces & Flails | 2 5 |  5.8

Action                   |  1- 3 |  4- 6 |  7- 9 | 10-12 | 13-15 || total
-------------------------+-------+-------+-------+-------+-------++-------
Melee: War axe           |   128 |   126 |   438 |   165 |       ||   857
       Flail             |       |    26 |       |    55 |   324 ||   405
       Headbutt          |       |       |    31 |   184 |   104 ||   319
       Broad axe         |       |       |       |   472 |       ||   472
       Short sword       |       |       |       |    29 |    26 ||    55
       Scimitar          |       |       |       |     4 |       ||     4
Invok: Sacrifice Arcana  |       |       |     1 |       |       ||     1
       Sacrifice Words   |       |       |     1 |       |       ||     1
       Draw Out Power    |       |       |       |    11 |     8 ||    19
       Sacrifice Resista |       |       |       |     1 |       ||     1
       Sacrifice Love    |       |       |       |     1 |       ||     1
       Power Leap        |       |       |       |     1 |     1 ||     2
       Apocalypse        |       |       |       |       |     1 ||     1
 Abil: Heal Wounds       |     1 |     3 |     6 |       |       ||    10
       Evoke Berserk Rag |       |       |     3 |    11 |     4 ||    18
Evoke: Wand              |       |       |       |     9 |       ||     9
  Use: Potion            |       |     3 |     4 |     7 |     6 ||    20
       Scroll            |       |       |     5 |    25 |     4 ||    34
 Stab: Distracted        |       |       |     2 |     7 |       ||     9
       Sleeping          |       |       |     2 |     4 |       ||     6
       Invisible         |       |       |       |     3 |     1 ||     4
       Paralysed         |       |       |       |     1 |     4 ||     5
  Eat: Chunk             |     4 |    10 |     6 |    32 |    13 ||    65
       Fruit             |       |       |       |     7 |     3 ||    10
Armor: Scale mail        |    59 |    33 |    16 |       |       ||   108
       Skin              |       |    47 |       |       |       ||    47
       Ice dragon scales |       |       |   106 |    27 |       ||   133
       Ring mail         |       |       |       |   157 |    85 ||   242
Dodge: Dodged            |    36 |    23 |    46 |    94 |    55 ||   254
Block: Shield            |    68 |     9 |       |       |       ||    77
       Large shield      |       |   115 |   301 |   572 |   261 ||  1249
       Rpst.: Scimitar   |       |       |       |     1 |       ||     1
